 Dungeon Crawl Stone Soup version 0.15.0-29-ga8e3430 (webtiles) character file.

249474 Ratboiler the Impregnable (level 19, -1/184 HPs)
             Began as a Minotaur Berserker on Sept 10, 2014.
             Was a High Priest of Trog.
             Succumbed to poison (poison gas)
             ... on Level 2 of the Abyss on Sept 11, 2014.
             The game lasted 02:30:24 (31793 turns).

Ratboiler the Impregnable (Minotaur Berserker)     Turns: 31793, Time: 02:30:25

HP  -1/184       AC 35     Str 29      XL: 19   Next: 60%
MP   7/7         EV 14     Int  4      God: Trog [*****.]
Gold 3092        SH  0     Dex 16      Spells:  0 memorised, 18 levels left

rFire  . . .     SeeInvis .     b - +7 great sword (holy)
rCold  . . .     Clarity  .     e - +0 crystal plate armour
rNeg   . . .     rCorr    .     (no shield)
rPois  .         rRot     .     G - +2 hat
rElec  .         Spirit   .     W - +1 cloak
SustAb .         Warding  .     (no gloves)
rMut   +         Stasis   .     w - +0 pair of boots
Gourm  .                        g - amulet of resist mutation
MR     +....                    M - +5 ring of strength
                                i - ring of regeneration

@: confused, lethally poisoned, exhausted, slowed, constricted, very slow,
somewhat resistant to hostile enchantments, extremely unstealthy
A: retaliatory headbutt, horns 2
a: Burn Spellbooks, Berserk, Trog's Hand, Brothers in Arms, Renounce Religion


You were on level 2 of the Abyss.
You worshipped Trog.
Trog was extremely pleased with you.
You were very full.

You visited 2 branches of the dungeon, and saw 20 of its levels.
You visited the Abyss 1 time.
You also visited: Labyrinth and Bailey.

You collected 3372 gold pieces.
You spent 280 gold pieces at shops.

Inventory:

Hand weapons
 a - the +6 great sword "Goblin's Demise" {speed, +Fly rN+ Int+1}
   (Trog gifted it to you on level 15 of the Dungeon)

   Attacks with this weapon are significantly faster.
   It affects your intelligence (+1).
   It protects you from negative energy.
   It lets you fly.
 b - a +7 great sword of holy wrath (weapon)
 m - a +1 vampiric great sword
 I - a +2 antimagic great sword
 O - the +7 greatsling "Punk" {freeze, rC+}
   (You found it on level 3 of the Depths)

   It turns projectiles fired from it into bolts of frost.
   It protects you from cold.
 R - a +2 long sword of holy wrath
Missiles
 Q - 7 silver tomahawks (quivered)
Armour
 e - a +0 crystal plate armour (worn)
 p - a gold dragon hide
 w - a +0 pair of boots (worn)
 G - a +2 hat (worn)
 W - a +1 cloak (worn)
Magical devices
 j - a wand of enslavement (7)
 r - a wand of heal wounds (0)
 u - a wand of disintegration (10)
 L - a wand of confusion (9)
 P - a wand of frost (7)
Comestibles
 d - 15 fruits
 t - 10 meat rations
 H - 4 slices of pizza
Scrolls
 q - a scroll of fear
 s - 3 scrolls of blinking
 v - 2 scrolls of recharging
 J - a scroll of summoning
 S - a scroll of holy word
Jewellery
 c - an uncursed ring of teleportation
 g - an amulet of resist mutation (around neck)
 i - a ring of regeneration (left hand)
 k - the ring "Oleun" {Wiz +Blink rF- MR+ Slay+4}
   (You found it on level 4 of the Depths)

   [ring of wizardry]

   It improves your spell success rate.
   It affects your accuracy and damage with ranged weapons and melee attacks
   (+4).
   It makes you vulnerable to fire.
   It affects your resistance to hostile enchantments.
   It lets you blink.
 y - an uncursed ring of teleport control
 A - an uncursed ring of invisibility
 C - an uncursed ring of poison resistance
 D - an uncursed ring of positive energy
 M - a +5 ring of strength (right hand)
 U - an uncursed ring of fire
 X - the amulet of Direw {Gourm rElec MR++ Stlth+}
   (You found it on level 2 of the Depths)

   [amulet of the gourmand]

   It allows you to eat raw meat even when not hungry.
   It insulates you from electricity.
   It affects your resistance to hostile enchantments.
   It makes you more stealthy.
Potions
 f - a potion of flight
 h - 2 potions of might
 n - 2 potions of agility
 x - 2 potions of restore abilities
 z - 3 potions of cure mutation
 E - a potion of porridge
 F - a potion of invisibility
 K - 3 potions of berserk rage
 N - 2 potions of brilliance
 T - a potion of mutation
 V - a potion of lignification
 Y - a potion of resistance


   Skills:
 + Level 19.8 Fighting
 - Level 20.5 Long Blades
 * Level 22.9 Armour
 * Level 16.4 Dodging


You had 18 spell levels left.
You didn't know any spells.

Dungeon Overview and Level Annotations

Branches:
Dungeon (15/15)            Temple (0/1) D:4             Orc (0/4) D:10
   Lair (0/8) D:11         Vaults (0/5) D:14         Depths (5/5) D:15
    Zot (0/5) Depths:5

Altars:
Ashenzari
Dithmenos
Fedhas
Nemelex Xobeh
Okawaru
Qazlal
Trog
Vehumet
Jiyva
Lugonu

Shops:
D:8 (   Depths:5 *

Portals:
Hell: Depths:1 Depths:2 Depths:3 Depths:4 Depths:5
Abyss: Depths:2 Depths:4
Pandemonium: Depths:1 Depths:3
Ziggurat: Depths:2

Annotations:
Depths:4 exclusion: silver statue


Innate Abilities, Weirdness & Mutations

You reflexively headbutt those who attack you in melee.
You have a pair of horns on your head.


Message History

Unknown command.
Evoke which item? (* to show all) (? for menu, Esc to quit)
Zapping:
r - a wand of heal wounds {zapped: 7}
Press: ? - help, Shift-Dir - straight line, f - you Nothing appears to happen.
* * * LOW HITPOINT WARNING * * *
You feel extremely sick. The golden eye blinks at you.
You are more confused.
The golden eye blinks at you. You resist.
The starspawn tentacle constricts you.
The tentacled starspawn bites you but does no damage.
The tentacled starspawn engulfs you but does no damage.
The iron imp misses you.
The golden eye blinks!
* * * LOW HITPOINT WARNING * * *
The starspawn tentacle constricts you.
Unknown command.
Drink which item? (? for menu, Esc to quit)
You feel extremely strange.
You die...

.. . ..
.... ≈≈ ≈ #
.# # w.* .≈
≈. ≈ #..##
#.. ...≈≈#
≈≈ ... #.
.X. .≈ ≈≈
##.###.####
*.....≈≈≈
.5. .G...§
w.. ......
##.#
#..##### ##
# .#
.....#.5###
#. #.XX@w#
#...###G#
#..#. .G#
## #. #G# .
.. # #..
... ..


You could see a tentacled starspawn, a large abomination, a starspawn tentacle,
an iron imp and 4 golden eyes.

Vanquished Creatures
  Margery (Depths:5)
  2 golden dragons
  A bone dragon (Depths:5)
  the Enchantress (Depths:4)
  The ghost of BoredOne the Crack Shot, a mighty CeBe of Trog (Depths:2)
  3 tentacled monstrosities
  An acid blob (shapeshifter) (Depths:4)
  A storm dragon (Depths:5)
  4 sphinxes
  An octopode crusher (Depths:2)
  2 tentacled starspawn (Abyss:2)
  A shadow dragon (Depths:3)
  2 tengu reavers
  3 liches (Depths:3)
  A shadow dragon (shapeshifter) (Depths:4)
  A fire giant (shapeshifter) (Depths:4)
  3 fire giants
  An azure jelly (shapeshifter) (Depths:4)
  4 frost giants
  2 iron dragons
  3 emperor scorpions
  A ghost moth (shapeshifter) (Depths:4)
  2 balrugs
  A reaper (Depths:3)
  4 spriggan defenders
  2 draconian shifters (Depths:5)
  4 very ugly things
  5 war gargoyles (Depths:4)
  7 stone giants
  A grey draconian (Depths:5)
  A green draconian (Depths:5)
  Azrael (D:14)
  A purple draconian (shapeshifter) (Depths:4)
  4 dire elephants
  A dire elephant (shapeshifter) (Depths:4)
  2 pale draconians (Depths:5)
  6 ettins
  A red draconian (Depths:5)
  2 white draconians (Depths:5)
  3 merfolk javelineers
  3 minotaurs
  11 fire dragons
  12 crystal guardians (Depths:4)
  A rakshasa (Depths:2)
  A green death (Abyss:2)
  2 great orbs of eyes
  2 yaktaur captains (Depths:5)
  5 hydras
  8 ice dragons
  A ghost crab (shapeshifter) (Depths:4)
  4 centaur warriors
  A great orb of eyes (shapeshifter) (Depths:4)
  3 ogre magi
  4 spriggan air magi
  A siren (shapeshifter) (Depths:4)
  Erica (D:12)
  An anaconda (shapeshifter) (Depths:3)
  8 ravenous item mimics (Depths:4)
  12 death yaks
  13 dancing weapons (Depths:4)
  15 deep troll earth magi
  10 deep troll shamans
  The ghost of letownia the Fighter, an experienced HOAs of Trog (D:8)
  4 spriggan berserkers
  A thrashing horror (Abyss:2)
  11 hell knights
  4 spriggans
  An iron golem (Depths:4)
  A catoblepas (Depths:2)
  The ghost of Thrillho the Arsonist, an experienced DEFE of Vehumet (D:9)
  8 iron trolls
  3 skeletal warriors (D:13)
  Erolcha (D:12)
  An ice devil (Depths:3)
  A giant orange brain (Abyss:1)
  6 large abominations
  26 deep trolls
  A deep elf summoner (Depths:1)
  5 unseen horrors
  A ball lightning (Depths:4)
  9 hill giants
  A torturous demonspawn (Depths:1)
  2 ice statues (Depths:4)
  A golden dragon skeleton (Depths:5)
  A silver statue (Depths:4)
  Pikel (D:8)
  2 orc knights
  A harpy (Depths:3)
  3 necromancers
  A mana viper (shapeshifter) (Depths:4)
  A sixfirhy (Depths:3)
  4 cyclopes
  A deep elf conjurer (Depths:2)
  A mermaid (shapeshifter) (Depths:4)
  2 griffons
  8 manticores
  20 ugly things
  An elephant (shapeshifter) (Depths:2)
  2 smoke demons
  2 gargoyles
  A frost giant skeleton (Abyss:2)
  An eye of devastation (shapeshifter) (Depths:4)
  A spiny frog (shapeshifter) (Depths:4)
  3 torpor snails
  A tormentor (Depths:3)
  A komodo dragon (D:15)
  An efreet (D:12)
  17 yaktaurs
  4 molten gargoyles
  2 blue devils (Depths:3)
  A fire drake (shapeshifter) (Depths:4)
  5 deep elf priests
  A tengu conjurer (Depths:2)
  A troll (shapeshifter) (Depths:4)
  4 trolls
  A wind drake (shapeshifter) (Depths:3)
  2 polar bears (Depths:5)
  A baby alligator (shapeshifter) (Abyss:2)
  4 fire vortices (Depths:4)
  2 red devils (Depths:1)
  A slime creature (shapeshifter) (Depths:2)
  A raven (Depths:2)
  6 wind drakes (Depths:4)
  A minotaur skeleton (Lab)
  11 slime creatures
  11 two-headed ogres
  A basilisk (D:13)
  2 deep elf magi
  A vampire (D:14)
  10 water elementals
  A griffon skeleton (D:14)
  A ynoxinul (Abyss:2)
  2 shadows
  6 starcursed masses (Abyss:2)
  2 wyverns
  14 yaks
  A redback (shapeshifter) (Depths:4)
  A hippogriff (shapeshifter) (Depths:5)
  A spriggan (shapeshifter) (Depths:5)
  11 fire elementals
  5 hungry ghosts
  9 air elementals
  2 hippogriffs
  A golden eye (shapeshifter) (Depths:4)
  A steam dragon (shapeshifter) (Depths:4)
  A neqoxec (Abyss:2)
  A human (shapeshifter) (Depths:4)
  2 wargs (D:11)
  A soldier ant (D:13)
  A water moccasin (D:10)
  A warg (shapeshifter) (Depths:4)
  2 chaos spawn (Depths:5)
  2 mottled dragons
  5 hell hounds
  5 sky beasts
  A dwarf (shapeshifter) (Depths:4)
  13 small abominations
  3 black bears
  2 phantoms
  2 ice beasts
  An ice beast (shapeshifter) (Depths:4)
  2 slaves (D:8)
  8 orc warriors
  3 necrophages
  3 yellow wasps
  A crocodile (D:10)
  2 deep dwarves (shapeshifter) (Depths:4)
  An orc skeleton (D:13)
  11 ogres
  22 centaurs
  6 big kobolds
  Blork the orc (D:8)
  3 insubstantial wisps (Depths:4)
  11 giant frogs
  9 earth elementals (Depths:4)
  A wyvern zombie (D:13)
  A scorpion (D:8)
  A water moccasin skeleton (D:4)
  A yak zombie (D:7)
  2 gnoll sergeants (D:8)
  A troll zombie (D:13)
  A tengu skeleton (D:14)
  A quasit (Abyss:2)
  A goliath beetle (D:6)
  2 lava snakes (D:14)
  16 wights
  11 crimson imps
  A giant frog zombie (D:7)
  A giant frog skeleton (D:7)
  A yellow wasp zombie (D:6)
  An elf skeleton (D:10)
  8 orc priests
  4 jellies
  A wyvern simulacrum (D:13)
  6 hounds
  12 orc wizards
  9 worker ants
  5 iguanas
  A sky beast zombie (D:12)
  2 sheep (D:9)
  A mottled dragon zombie (D:15)
  2 ogre skeletons
  A mottled dragon skeleton (D:15)
  13 gnolls
  10 adders
  A green rat (shapeshifter) (Depths:4)
  3 shadow imps
  A worm (D:2)
  An ufetubus (Abyss:2)
  An adder zombie (D:6)
  7 giant geckos
  3 oozes (D:4)
  38 orcs
  3 ball pythons
  11 bats
  9 giant cockroaches
  11 goblins
  22 hobgoblins
  7 jackals
  40 kobolds
  A quokka (D:6)
  A giant gecko skeleton (D:6)
  3 giant newts
  2 kobold zombies
  10 rats
  A rat zombie (D:6)
  6 ballistomycetes (D:15)
  2 starspawn tentacles (Abyss:2)
933 creatures vanquished.

Vanquished Creatures (collateral kills)
  A sphinx (Depths:3)
  A tentacled starspawn (Abyss:2)
  A fire dragon (Depths:3)
  Josephine (D:13)
  A hydra (Depths:3)
  A centaur warrior (Depths:3)
  A dancing weapon (Depths:4)
  2 thrashing horrors (Abyss:2)
  A soul eater (Abyss:2)
  3 large abominations (Abyss:2)
  A griffon (Depths:3)
  An orc knight (Bailey)
  2 manticores (Depths:3)
  A hydra zombie (D:13)
  2 red devils (Abyss:2)
  A water elemental (Depths:4)
  A hill giant skeleton (D:13)
  3 orc warriors (Bailey)
  A hell hound (Depths:3)
  An elf simulacrum (D:13)
  A cyclops zombie (D:13)
  An ogre simulacrum (D:13)
  3 starcursed masses (Abyss:2)
  A komodo dragon simulacrum (D:13)
  An orc (Bailey)
  2 hobgoblins (Bailey)
  2 kobolds (Bailey)
  A starspawn tentacle (Abyss:2)
39 creatures vanquished.

Vanquished Creatures (others)
  A deep elf high priest (Depths:2)
  A merfolk impaler (Depths:2)
  A spriggan air mage (Depths:4)
  14 ball lightnings (Depths:4)
  2 deep trolls
  A deep elf priest (Depths:2)
  A hellwing (Depths:2)
  A tengu conjurer (Depths:2)
  A troll (Depths:5)
  2 air elementals (Depths:4)
  2 spriggans (Depths:4)
  A ynoxinul (Abyss:2)
  A redback (shapeshifter) (Depths:4)
  A golden eye (shapeshifter) (Depths:4)
  2 water elementals (Depths:2)
  A slave (D:8)
  3 ogres
  An insubstantial wisp (Depths:4)
  A hound (D:8)
  3 gnolls (D:8)
  A giant spore (D:15)
  20 starspawn tentacles (Abyss:2)
  238 starspawn tentacle segments (Abyss:2)
300 creatures vanquished.

Grand Total: 1272 creatures vanquished

Notes
Turn   | Place    | Note
--------------------------------------------------------------
     0 | D:1      | Ratboiler, the Minotaur Berserker, began the quest for the Orb.
     0 | D:1      | Reached XP level 1. HP: 19/19 MP: 1/1
   122 | D:1      | Reached XP level 2. HP: 21/27 MP: 1/1
   169 | D:1      | Reached skill level 4 in Fighting
   445 | D:1      | Found a sparkling altar of Nemelex Xobeh.
   451 | D:1      | Acquired Trog's second power
   678 | D:2      | Reached XP level 3. HP: 20/33 MP: 2/2
  1458 | D:3      | Reached skill level 5 in Long Blades
  1466 | D:3      | Reached XP level 4. HP: 37/41 MP: 2/2
  1810 | D:3      | Reached XP level 5. HP: 44/47 MP: 2/2
  2138 | D:4      | Reached skill level 5 in Fighting
  2281 | D:4      | Reached skill level 6 in Long Blades
  2312 | D:4      | Reached XP level 6. HP: 17/56 MP: 3/3
  2658 | D:4      | Found a viscous altar of Jiyva.
  2771 | D:4      | Got a twisted mace
  2772 | D:4      | Identified the +6 mace of Fate {crush, Noisy +Blink MR+ Dex+1} (You found it on level 4 of the Dungeon)
  2798 | D:4      | Acquired Trog's third power
  2819 | D:4      | Found a staircase to the Ecumenical Temple.
  3205 | D:4      | Received a gift from Trog
  3284 | D:4      | Reached skill level 7 in Long Blades
  3545 | D:5      | Entered Level 5 of the Dungeon
  3600 | D:5      | Reached skill level 5 in Armour
  3773 | D:5      | Reached XP level 7. HP: 62/62 MP: 3/3
  4145 | D:5      | Reached skill level 8 in Long Blades
  4386 | D:6      | Reached XP level 8. HP: 35/71 MP: 3/3
  4419 | D:6      | Reached skill level 9 in Long Blades
  5536 | D:6      | Reached skill level 10 in Long Blades
  6208 | D:7      | Upgraded the game from 0.15.0-25-gd84c1e8 to 0.15.0-27-gbdb0435
  6252 | D:7      | Reached XP level 9. HP: 81/81 MP: 4/4
  6264 | D:7      | Received a gift from Trog
  6393 | D:7      | Found a bloodstained altar of Trog.
  6515 | D:7      | Reached skill level 11 in Long Blades
  6849 | D:7      | Found a flagged portal.
  6856 | Bailey   | Entered a bailey
  6924 | Bailey   | Noticed an orc knight
  6924 | Bailey   | Noticed an orc knight
  6959 | Bailey   | Killed an orc knight
  6966 | Bailey   | Killed an orc knight
  6998 | Bailey   | Got a steaming mace
  7175 | Bailey   | Identified the +10 mace of Watchfulness {crush, rN+ MR+ Dex+3} (You took it off a gnoll in a bailey)
  7441 | D:8      | Found a stormy altar of Qazlal.
  7471 | D:8      | Reached skill level 12 in Long Blades
  7577 | D:8      | Found a radiant altar of Vehumet.
  7847 | D:8      | Noticed Pikel
  7897 | D:8      | Killed Pikel
  7897 | D:8      | Reached XP level 10. HP: 58/91 MP: 4/4
  8008 | D:8      | Noticed letownia's ghost (experienced HOAs)
  8022 | D:8      | Killed letownia's ghost
  8033 | D:8      | Reached skill level 13 in Long Blades
  8040 | D:8      | Noticed Blork the orc
  8049 | D:8      | Killed Blork the orc
  8332 | D:8      | Found Fryoz's Weapon Shop.
  8339 | D:8      | Bought a +1 great sword of freezing for 280 gold pieces
  8454 | D:9      | Received a gift from Trog
  8473 | D:9      | Reached skill level 10 in Fighting
  8640 | D:9      | Noticed a three-headed hydra
  8650 | D:9      | Killed a hydra
  8812 | D:9      | Found a shattered altar of Ashenzari.
  8857 | D:9      | Noticed Thrillho's ghost (experienced DEFE)
  8872 | D:9      | Killed Thrillho's ghost
  8872 | D:9      | Reached skill level 14 in Long Blades
  8872 | D:9      | Reached skill level 10 in Armour
  9215 | D:9      | Found an iron altar of Okawaru.
  9288 | D:9      | Reached XP level 11. HP: 76/101 MP: 4/4
  9384 | D:10     | Entered Level 10 of the Dungeon
  9925 | D:10     | Found a staircase to the Orcish Mines.
 10006 | D:10     | Killed an unseen horror
 10532 | D:10     | Reached skill level 15 in Long Blades
 10787 | D:11     | Found a staircase to the Lair.
 10843 | D:11     | Received a gift from Trog
 11191 | D:11     | Noticed a hill giant
 11198 | D:11     | Killed a hill giant
 11520 | D:12     | Noticed Erica
 11529 | D:12     | Killed Erica
 11809 | D:12     | Gained mutation: Your flesh is cold resistant. [potion of beneficial mutation]
 11828 | D:12     | Noticed Erolcha
 11836 | D:12     | Killed Erolcha
 11918 | D:12     | Reached XP level 12. HP: 112/112 MP: 5/5
 11989 | D:12     | Reached skill level 16 in Long Blades
 13153 | D:13     | Noticed an eight-headed hydra
 13180 | D:13     | Killed a five-headed hydra
 13180 | D:13     | Reached skill level 17 in Long Blades
 13542 | D:13     | Found a shadowy altar of Dithmenos.
 13544 | D:13     | Noticed Josephine
 13574 | D:13     | Killed Josephine
 14038 | D:13     | Noticed a centaur warrior
 14050 | D:13     | Killed a centaur warrior
 14051 | D:13     | Received a gift from Trog
 14355 | D:13     | Noticed a centaur warrior
 14366 | D:13     | Killed a centaur warrior
 14666 | D:14     | Reached XP level 13. HP: 122/122 MP: 5/5
 15212 | D:14     | Reached skill level 18 in Long Blades
 15462 | D:14     | Found a gate to the Vaults.
 15554 | D:14     | Noticed Azrael
 15568 | D:14     | Killed Azrael
 15946 | D:15     | Entered Level 15 of the Dungeon
 15985 | D:15     | Found a labyrinth entrance.
 15995 | Lab      | Entered a labyrinth
 16286 | Lab      | Got an ichor-stained glaive {elec}
 16287 | Lab      | Identified the cursed -1 glaive "Shomi" {elec, *Rage Str+4} (You took it off a minotaur in a labyrinth)
 16867 | D:15     | Found a staircase to the Depths.
 16918 | D:15     | Found a blossoming altar of Fedhas.
 17026 | D:15     | Received a gift from Trog
 17044 | D:15     | Got a polished great sword {god gift}
 17045 | D:15     | Identified the +6 great sword "Goblin's Demise" {speed, +Fly rN+ Int+1} (Trog gifted it to you on level 15 of the Dungeon)
 17088 | D:15     | Reached skill level 19 in Long Blades
 17119 | D:15     | Got a pitted scale mail
 17130 | D:15     | Identified the cursed +6 scale mail of the Ban {Str+3 Int-3} (You found it on level 15 of the Dungeon)
 17331 | Depths:1 | Entered Level 1 of the Depths
 17331 | Depths:1 | Noticed a dire elephant
 17344 | Depths:1 | Killed a dire elephant
 17534 | Depths:1 | Reached XP level 14. HP: 55/133 MP: 5/5
 17648 | Depths:1 | Found a gateway to Hell.
 18062 | Depths:1 | Noticed a tentacled monstrosity
 18080 | Depths:1 | Killed a tentacled monstrosity
 18225 | Depths:1 | Reached skill level 15 in Fighting
 18225 | Depths:1 | Reached skill level 20 in Long Blades
 18236 | Depths:1 | Noticed a dire elephant
 18257 | Depths:1 | Killed a dire elephant
 18327 | Depths:1 | Noticed a stone giant
 18337 | Depths:1 | Reached skill level 15 in Armour
 18341 | Depths:1 | Killed a stone giant
 18849 | Depths:1 | Found a one-way gate leading to the halls of Pandemonium.
 18849 | Depths:1 | Noticed a balrug
 18853 | Depths:1 | Killed a balrug
 19163 | Depths:1 | Noticed a dire elephant
 19163 | Depths:1 | Noticed a fire giant
 19163 | Depths:1 | Noticed a frost giant
 19164 | Depths:1 | Noticed a tentacled monstrosity
 19164 | Depths:1 | Noticed a frost giant
 19164 | Depths:1 | Noticed a deep elf demonologist
 19164 | Depths:1 | Noticed a frost giant
 19279 | Depths:2 | Found a gateway to a ziggurat.
 19279 | Depths:2 | Noticed a lich
 19280 | Depths:2 | Noticed BoredOne's ghost (mighty CeBe)
 19281 | Depths:2 | Noticed a cacodemon
 19388 | Depths:2 | Reached XP level 15. HP: 143/143 MP: 6/6
 19391 | Depths:2 | Reached skill level 5 in Dodging
 19482 | Depths:2 | Received a gift from Trog
 19526 | Depths:2 | Killed BoredOne's ghost
 19854 | Depths:2 | Found a corrupted altar of Lugonu.
 19854 | Depths:2 | Found a one-way gate to the infinite horrors of the Abyss.
 20261 | Depths:2 | Got a sparkling steel amulet
 20262 | Depths:2 | Identified the cursed amulet of Direw {Gourm rElec MR++ Stlth+} (You found it on level 2 of the Depths)
 20407 | Depths:2 | Noticed an octopode crusher
 20428 | Depths:2 | Killed an octopode crusher
 20483 | Depths:2 | Noticed a golden dragon
 20519 | Depths:2 | Killed a golden dragon
 20599 | Depths:2 | Noticed a frost giant
 20617 | Depths:2 | Killed a frost giant
 21043 | Depths:2 | Noticed a tengu reaver
 21053 | Depths:2 | Killed a tengu reaver
 21478 | Depths:2 | Received a gift from Trog
 21537 | Depths:2 | Noticed an emperor scorpion
 21553 | Depths:2 | Killed an emperor scorpion
 21642 | Depths:2 | Noticed a fire giant
 21651 | Depths:2 | Killed a fire giant
 21651 | Depths:2 | Reached XP level 16. HP: 152/152 MP: 6/6
 21742 | Depths:2 | Noticed an iron dragon
 21753 | Depths:2 | Killed an iron dragon
 22106 | Depths:3 | Upgraded the game from 0.15.0-27-gbdb0435 to 0.15.0-29-ga8e3430
 22528 | Depths:3 | Paralysed by a sphinx for 5 turns
 23108 | Depths:3 | Reached skill level 10 in Dodging
 23158 | Depths:3 | Noticed a lich
 23182 | Depths:3 | Killed a lich
 23605 | Depths:3 | Received a gift from Trog
 23924 | Depths:3 | Noticed a lich
 24185 | Depths:3 | Noticed a tentacled monstrosity
 24190 | Depths:3 | Noticed a tentacled monstrosity
 24192 | Depths:3 | Killed a lich
 24192 | Depths:3 | Reached XP level 17. HP: 163/163 MP: 6/6
 24214 | Depths:3 | Killed a tentacled monstrosity
 24222 | Depths:3 | Killed a tentacled monstrosity
 24644 | Depths:3 | Noticed a lich
 24656 | Depths:3 | Killed a lich
 25592 | Depths:4 | Received a gift from Trog
 26042 | Depths:4 | Noticed the Enchantress
 26343 | Depths:4 | Killed the Enchantress
 26476 | Depths:4 | Got a faerie dragon armour
 26581 | Depths:4 | Identified the +5 faerie dragon armour {Str+3 Int+1} (You took it off the Enchantress on level 4 of the Depths)
 26833 | Depths:4 | Received a gift from Trog
 26856 | Depths:4 | Reached XP level 18. HP: 138/173 MP: 7/7
 26904 | Depths:4 | Reached skill level 21 in Armour
 27949 | Depths:4 | Got a scintillating glass ring
 27951 | Depths:4 | Identified the ring "Oleun" {Wiz +Blink rF- MR+ Slay+4} (You found it on level 4 of the Depths)
 28307 | Depths:5 | Entered Level 5 of the Depths
 28341 | Depths:5 | Noticed Margery
 28531 | Depths:4 | Received a gift from Trog
 29175 | Depths:5 | Noticed a bone dragon
 29210 | Depths:5 | Killed a bone dragon
 29284 | Depths:5 | Noticed a golden dragon
 29295 | Depths:5 | Killed a golden dragon
 29295 | Depths:5 | Reached skill level 22 in Armour
 29295 | Depths:5 | Reached skill level 15 in Dodging
 29296 | Depths:5 | Found a gate to the Realm of Zot.
 29531 | Depths:5 | Reached XP level 19. HP: 76/183 MP: 7/7
 29554 | Depths:5 | Received a gift from Trog
 29931 | Depths:5 | Killed Margery
 30021 | Depths:5 | Found Zioqurch's General Store.
 30774 | Depths:4 | Voluntarily entered the Abyss.
 30893 | Abyss:2  | Found a corrupted altar of Lugonu.
 31014 | Abyss:2  | Found a corrupted altar of Lugonu.
 31206 | Abyss:2  | Lost intelligence.
 31232 | Abyss:2  | HP: 7/165 [smoke demon/divine providence (13)]
 31309 | Abyss:2  | Paralysed by accursed screaming for 1 turns
 31319 | Abyss:2  | Lost mutation: Your flesh is cold resistant. [potion of cure mutation]
 31761 | Abyss:2  | Found a corrupted altar of Lugonu.
 31784 | Abyss:2  | Received a gift from Trog
 31792 | Abyss:2  | HP: 7/184 [poison (poison gas)]
 31793 | Abyss:2  | Succumbed to poison (poison gas)

Action                   |  1- 3 |  4- 6 |  7- 9 | 10-12 | 13-15 | 16-18 | 19-21 || total
-------------------------+-------+-------+-------+-------+-------+-------+-------++-------
Melee: Falchion          |   109 |   135 |   415 |    37 |       |       |       ||   696
       Great sword       |       |       |       |   500 |   711 |  1251 |   269 ||  2731
Throw: Tomahawk          |       |       |    19 |       |       |       |       ||    19
       Javelin           |       |       |     7 |       |       |       |       ||     7
       Stone             |       |       |     6 |       |       |       |       ||     6
Invok: Berserk           |       |     5 |     6 |    12 |    24 |    20 |     7 ||    74
       Trog's Hand       |       |       |     1 |     1 |     5 |     3 |     2 ||    12
       Brothers in Arms  |       |       |     2 |     2 |     1 |     4 |     4 ||    13
 Abil: Evoke Flight      |       |       |       |       |       |     3 |       ||     3
Evoke: Wand              |     1 |       |     2 |     2 |     4 |     1 |    17 ||    27
  Use: Scroll            |       |     7 |     2 |    12 |    12 |     4 |    10 ||    47
       Potion            |       |       |       |     4 |       |    10 |    14 ||    28
 Stab: Sleeping          |       |     1 |       |       |       |       |       ||     1
       Distracted        |       |       |       |       |     2 |     1 |       ||     3
  Eat: Chunk             |     2 |     7 |     4 |    16 |    33 |    46 |    17 ||   125
       Bread ration      |       |     1 |     3 |     3 |     5 |     1 |       ||    13
       Royal jelly       |       |     1 |       |       |       |       |       ||     1
       Beef jerky        |       |       |     1 |       |     2 |     3 |       ||     6
       Fruit             |       |       |       |     1 |     3 |       |       ||     4
       Pizza             |       |       |       |     2 |     1 |       |       ||     3
       Meat ration       |       |       |       |       |       |       |     2 ||     2
